 Dungeon Crawl Stone Soup version 0.27-a0-1206-g6342a01c75 (webtiles) character file.

Game seed: 15888321772477035507

549 Glokmah the Charlatan (level 7, -4/56 HPs)
             Began as a Demonspawn Artificer on June 5, 2021.
             Was an Initiate of Gozag.
             Slain by an ice beast (11 damage)
             ... on level 5 of the Dungeon.
             The game lasted 00:12:47 (6502 turns).

Glokmah the Charlatan (Demonspawn Artificer)        Turns: 6502, Time: 00:12:49

Health: -4/56      AC: 11    Str: 14    XL:     7   Next: 7%
Magic:  7/7        EV: 13    Int: 12    God:    Gozag
Gold:   150        SH:  0    Dex: 14    Spells: 6/6 levels left

rFire    . . .     SeeInvis .   b - +0 hand axe
rCold    . . .     Faith    .   (no shield)
rNeg     . . .     Spirit   .   w - +0 scale mail
rPois    .         Reflect  .   (helmet restricted)
rElec    .         Harm     .   (no cloak)
rCorr    .         Rampage  +   j - +0 pair of gloves
Will     .....                  c - +1 pair of boots {rampage}
Stlth    ..........             (no amulet)
HPRegen  0.18/turn              o - ring of wizardry
MPRegen  0.20/turn              r - +4 ring of evasion

@: no status effects
A: horns 1, rugged brown scales 2, magic regeneration
a: Renounce Religion, Potion Petition, Call Merchant, Bribe Branch


You were on level 5 of the Dungeon.
You worshipped Gozag.
Gozag was aware of your devotion.
You visited 2 branches of the dungeon, and saw 6 of its levels.

You collected 172 gold pieces.
You paid 22 gold pieces to Gozag.

Inventory:

Hand Weapons
 a - a +0 hunting sling
 b - a +0 hand axe (weapon)
Missiles
 l - 94 stones
 v - 33 poisoned darts (quivered)
Armour
 c - a +1 pair of boots of rampaging (worn)
 j - a +0 pair of gloves (worn)
 u - a +0 chain mail
 w - a +0 scale mail (worn)
Jewellery
 o - a ring of wizardry (left hand)
 r - a +4 ring of evasion (right hand)
Wands
 d - a wand of charming (8)
Scrolls
 f - a scroll of identify
 i - a scroll of enchant weapon {unknown}
 s - 3 scrolls of summoning
Potions
 g - a potion of heal wounds {unknown}
 h - a potion of cancellation
 n - a potion of haste
Miscellaneous
 e - a piece from Xom's chessboard (14/15)


   Skills:
 + Level 4.2 Fighting
 - Level 1.7 Armour
 - Level 0.8 Dodging
 - Level 0.8 Stealth
 * Level 6.9 Evocations


You had 6 spell levels left.
You didn't know any spells.
Your spell library contained the following spells:

 Spells                   Type           Power      Damage    Failure   Level
 Animate Skeleton         Necr           0%         N/A       45%         1
 Pain                     Necr           0%         1d4       45%         1
 Vampiric Draining        Necr           0%         2d6       82%         3
 Animate Dead             Necr           0%         N/A       99%         4
 Agony                    Necr           0%         N/A       100%        5


Dungeon Overview and Level Annotations

Branches:
Dungeon (5/15)             Temple (1/1) D:4

Altars:
Dithmenos
Elyvilon
Fedhas
Gozag
Hepliaklqana
Kikubaaqudgha
Nemelex Xobeh
Qazlal
Ru
Sif Muna
Vehumet
Wu Jian
Xom
Zin
The Shining One

Annotations:
D:5 1 runed translucent door, Kinoniko's ghost, novice DrBe


Innate Abilities, Weirdness & Mutations

You have a pair of small horns on your head.
You are mostly covered in rugged brown scales. (AC +2, +5% HP)
You regenerate magic rapidly.


Message History

The ice beast is severely wounded.
The ice beast barely misses you.
You barely miss the ice beast.
The ice beast is severely wounded.
The ice beast hits you. The ice beast freezes you!
You closely miss the ice beast.
The ice beast is severely wounded.
The ice beast closely misses you. The ice beast barely misses you.
You hit the ice beast but do no damage.
The ice beast is severely wounded.
The ice beast hits you. The ice beast freezes you!
You hit the ice beast but do no damage.
The ice beast is severely wounded.
The ice beast hits you but does no damage.
You closely miss the ice beast. Your headbutt misses the ice beast.
The ice beast is severely wounded.
The ice beast barely misses you.
You barely miss the ice beast.
The ice beast is severely wounded.
The ice beast barely misses you. The ice beast hits you.
The ice beast freezes you!
* * * LOW HITPOINT WARNING * * *
You make a move on Xom's chessboard...
The ice beast is outlined in light.
The ice beast barely misses you.
You hit the ice beast but do no damage.
The ice beast is severely wounded.
The ice beast misses you.
You hit the ice beast but do no damage.
The ice beast is severely wounded.
The ice beast closely misses you.
You barely miss the ice beast. Your headbutt misses the ice beast.
The ice beast is severely wounded.
The ice beast closely misses you. The ice beast misses you.
You barely miss the ice beast. Your headbutt misses the ice beast.
The ice beast is severely wounded.
The ice beast hits you.
* * * LOW HITPOINT WARNING * * *
The ice beast freezes you!
You die...
Your body crumbles into a pile of gold.

###.......#
#.........#.#
#.....#...#.#
...........#
#.........# #.........#
#.........#
########.........#
$$..............@#$
########........Y#≈#.
#####.#'#.....#W#.
#........##.###S#.
#.............#S#.#
#.........#...#+#.#
............#.......#
#####+#.#'#.#...#?..###
#.#.#.#.#...#.....#


You could see an ice beast (corona).

Vanquished Creatures
  Menkaure (D:4)
  A necrophage (D:5)
  The ghost of Delamore the Skirmisher, an amateur FoFi of Uskayaw (D:3)
  An orc priest (D:3)
  A hound (D:4)
  Jessica (D:3)
  2 orc wizards (D:3)
  3 gnolls (D:5)
  3 adders
  A white imp (D:5)
  A worm (D:3)
  A dart slug (D:2)
  6 orcs
  6 endoplasms
  A giant cockroach (D:4)
  8 goblins
  4 hobgoblins (D:2)
  2 jackals (D:3)
  11 kobolds
  6 ball pythons
  2 bats (D:3)
  A frilled lizard (D:1)
  5 rats
69 creatures vanquished.

Vanquished Creatures (collateral kills)
  A gnoll (D:5)
1 creature vanquished.

Grand Total: 70 creatures vanquished

Notes
Turn   | Place    | Note
-------+----------+-------------------------------------------
     0 | D:1      | Glokmah the Demonspawn Artificer began the quest for the
                  | Orb.
     0 | D:1      | Reached XP level 1. HP: 15/15 MP: 1/1
    61 | D:1      | Found a faded altar of an unknown god.
   238 | D:1      | Gained mutation: You have a pair of small horns on your
                  | head. [demonic ancestry]
   238 | D:1      | Reached XP level 2. HP: 21/21 MP: 2/2
  1297 | D:2      | Reached XP level 3. HP: 23/27 MP: 3/3
  1882 | D:2      | Reached skill level 4 in Evocations
  2841 | D:3      | Gained mutation: You regenerate magic rapidly. [demonic
                  | ancestry]
  2841 | D:3      | Reached XP level 4. HP: 20/34 MP: 4/4
  3386 | D:3      | Found a runed translucent door.
  3387 | D:3      | Noticed Delamore's ghost (amateur FoFi)
  3473 | D:3      | Reached skill level 5 in Evocations
  3473 | D:3      | Reached XP level 5. HP: 10/40 MP: 5/5
  3811 | D:3      | Found a shimmering blue altar of Sif Muna.
  3821 | D:3      | Noticed Jessica
  3833 | D:3      | Killed Jessica
  4462 | D:4      | Identified a scroll of acquirement
  4462 | D:4      | Acquired a +1 pair of boots of rampaging
  4501 | D:4      | Found a staircase to the Ecumenical Temple.
  4505 | Temple   | Entered the Ecumenical Temple
  4764 | Temple   | Became a worshipper of Gozag Ym Sagoz the Greedy
  4958 | D:3      | Killed Delamore's ghost
  5237 | D:4      | Noticed Menkaure
  5269 | D:4      | Killed Menkaure
  5270 | D:4      | Reached skill level 6 in Evocations
  5270 | D:4      | Gained mutation: You are partially covered in rugged brown
                  | scales. (AC +1, +3% HP) [demonic ancestry]
  5270 | D:4      | Reached XP level 6. HP: 42/49 MP: 6/6
  5871 | D:5      | Entered Level 5 of the Dungeon
  5871 | D:5      | Found a runed translucent door.
  5873 | D:5      | Noticed Kinoniko's ghost (novice DrBe)
  6021 | D:5      | Gained mutation: You are mostly covered in rugged brown
                  | scales. (AC +2, +5% HP) [demonic ancestry]
  6021 | D:5      | Reached XP level 7. HP: 25/54 MP: 7/7
  6502 | D:5      | Slain by an ice beast

Illustrated notes

Levels and vault maps discovered:
D:1:      nzn_arrival_water_spiral, layout_loops_ring,
          hellmonk_ecumenical_altar_zigzags
D:2:      layout_basic
D:3:      layout_basic, general_overflow_altar, ebering_ghost_reflecting_pool,
          kennysheep_generic_room_14, uniq_jessica
D:4:      layout_gridville, minmay_temple_entry_ruins, minmay_misc_feat_columns,
          uniq_menkaure
D:5:      layout_basic, serial_shops, nicolae_shop_behind_doors,
          ebering_ghost_sewer_d, minmay_bent, uniq_prince_ribbit1, uniq_pikel
Temple:   dpeg_chambers_temple

Skill      XL: |  1  2  3  4  5  6 |
---------------+-------------------+-----
Evocations     | 4 5 6 |  6.9
Fighting       | 2 3 4 |  4.2
Armour         | |  1.7
Dodging        | |  0.8
Stealth        | |  0.8

Action                   |  1- 3 |  4- 6 |  7- 9 || total
-------------------------+-------+-------+-------++-------
Melee: Hand axe          |   118 |   136 |    50 ||   304
       Club              |     8 |       |       ||     8
       Headbutt          |     7 |    27 |    10 ||    44
 Fire: Hunting sling     |    12 |       |       ||    12
Throw: Stone             |    22 |       |       ||    22
       Dart              |    21 |     9 |       ||    30
Evoke: Wand              |     3 |    18 |     1 ||    22
       Piece from Xom's  |       |     8 |     1 ||     9
  Use: Scroll            |       |    10 |       ||    10
 Stab: Paralysed         |       |    12 |       ||    12
       Distracted        |       |     2 |       ||     2
Armor: Ring mail         |    55 |    14 |       ||    69
       Scale mail        |       |    27 |    22 ||    49
Dodge: Dodged            |    89 |    83 |    38 ||   210

Table legend: (Time is in decaauts)
 A = Elapsed time spent in this place.
 B = Non-inter-level travel time spent in this place.
 C = Inter-level travel time spent in this place.
 D = Time resting spent in this place.
 E = Time spent auto-exploring this place.
 F = Levels seen in this place.
 G = Mean time per level.
                   A        B        C        D        E       F      G
               +--------+--------+--------+--------+--------+-----+--------+
         Total |   6611 |   6050 |    561 |   1816 |   2787 |   6 | 1101.8 |
       Dungeon |   6343 |   5832 |    511 |   1816 |   2579 |   5 | 1268.6 |
        Temple |    267 |    217 |     50 |      0 |    208 |   1 |  267.0 |
               +--------+--------+--------+--------+--------+-----+--------+

Top non-repeatable levels by time:
     D:3: 2418 daAuts
     D:2: 1508 daAuts
     D:4: 1124 daAuts
     D:1: 976 daAuts
     D:5: 315 daAuts
  Temple: 267 daAuts
